 Dungeon Crawl Stone Soup version 0.28-a0-589-g333b8329f1 (webtiles) character file.

Game seed: 3882014180755891999

221 Heedrag the Chopper (level 5, -2/47 HPs)
             Began as a Minotaur Fighter on Oct 3, 2021.
             Slain by Grinder (4 damage)
             ... on level 3 of the Dungeon.
             The game lasted 00:02:51 (2017 turns).

Heedrag the Chopper (Minotaur Fighter)              Turns: 2017, Time: 00:02:52

Health: -2/47      AC:  7    Str: 21    XL:     5   Next: 65%
Magic:  4/4        EV: 10    Int:  5    God:
Gold:   91         SH:  4    Dex: 10    Spells: 4/4 levels left

rFire   . . .      SeeInvis .   a - +0 war axe
rCold   . . .      Faith    .   c - +0 buckler
rNeg    . . .      Spirit   .   b - +0 scale mail
rPois   .          Reflect  .   (helmet restricted)
rElec   .          Harm     .   (no cloak)
rCorr   .          Rampage  .   (no gloves)
Will    .....                   (no boots)
Stlth   ..........              (no amulet)
HPRegen 0.15/turn               (no ring)
MPRegen 0.09/turn               (no ring)

@: no status effects
A: horns 2, retaliatory headbutt
a: no special abilities


You were on level 3 of the Dungeon.
You visited 1 branch of the dungeon, and saw 3 of its levels.

You collected 91 gold pieces.

Inventory:

Hand Weapons
 a - a +0 war axe (weapon)
Missiles
 i - 9 poisoned darts (quivered)
Armour
 b - a +0 scale mail (worn)
 c - a +0 buckler (worn)
Jewellery
 f - a ring of wizardry
   (You found it on level 1 of the Dungeon)
Scrolls
 e - a scroll of brand weapon {unknown}
 g - a scroll of teleportation {unknown}
 j - 3 scrolls of holy word {unknown}
Potions
 d - a potion of might
 h - 2 potions of heal wounds {unknown}
 k - a potion of lignification {unknown}
 l - a potion of brilliance {unknown}


   Skills:
 + Level 4.5 Fighting
 * Level 4.7 Axes
 + Level 4.5 Armour
 + Level 2.1 Dodging
 + Level 4.4 Shields


You had 4 spell levels left.
You didn't know any spells.
Your spell library contained the following spells:

 Spells                   Type           Power      Damage    Failure   Level
 Summon Guardian Golem    Hex/Summ       0%         N/A       99%         3
 Orb of Destruction       Conj           0%         N/A       100%        7
 Spellforged Servitor     Conj/Summ      0%         N/A       100%        7


Dungeon Overview and Level Annotations

Branches:
Dungeon (3/15)

Altars:

Annotations:
D:3 Grinder


Innate Abilities, Weirdness & Mutations

You have a pair of horns on your head.
You reflexively headbutt those who attack you in melee.


Message History

No target in view!
No target in view!
Grinder comes into view.
Grinder gestures at you. You resist with significant effort.
Unknown command.
You hit Grinder but do no damage. You headbutt Grinder, but do no damage.
Grinder gestures at you. Pain shoots through your body!
You hit Grinder. Grinder closely misses you.
You hit Grinder. Grinder closely misses you.
Unknown command.
You barely miss Grinder. Grinder hits you.
You writhe in agony.
Grinder blinks!
Grinder misses you.
You hit Grinder. Grinder hits you.
You slash Grinder! Your headbutt misses Grinder.
Grinder blinks!
You block Grinder's attack.
You slash Grinder! Your headbutt misses Grinder. Grinder gestures at you.
Pain shoots through your body!
* * * LOW HITPOINT WARNING * * *
You hit Grinder but do no damage. Grinder gestures at you.
You suddenly lose the ability to move!
Grinder blinks!
Grinder hits you.
* * * LOW HITPOINT WARNING * * *
You writhe in agony.
* * * LOW HITPOINT WARNING * * *
Grinder blinks!
Grinder gestures at you.
You shrug off the repeated paralysis!
Grinder gestures at you.
You shrug off the repeated paralysis!
You can move again.
Unknown command.
Throw: 11 darts (poison)
Aim: Grinder (almost dead, 53% to hit)
You throw a poisoned dart.
The poisoned dart closely misses Grinder.
Throw: 10 darts (poison)
Aim: Grinder (almost dead, 53% to hit)
You throw a poisoned dart. The poisoned dart hits Grinder.
You are too injured to fight recklessly!
You are too injured to fight recklessly!
You are too injured to fight recklessly!
You barely miss Grinder. Grinder hits you!
* * * LOW HITPOINT WARNING * * *
You writhe in agony.
You die...

..................#.#
......####.......#..#.#
..... ##.##.##.....#
.##. #.##.##...### .(.
###.##.##...... #..
#...........### .####.(
#.....###.###
......5###.....###.#####
#.....@.#.....#.......#
#.##.##.#.....#.#.###.#
# #.#######.#.###.# #
#.# #.#..##.# #.
#.#######.##.##.#
#.#####.##.......#.##.#
#.......##......†.....#
#.#...####.......#.####
#.#................#


You could see Grinder.

Vanquished Creatures
  An orc priest (D:2)
  Natasha (thrice) (D:3)
  Terence (D:3)
  3 adders
  3 worms
  A dart slug (D:1)
  6 orcs (D:2)
  5 ball pythons
  2 endoplasms
  A giant cockroach (D:1)
  3 goblins
  7 hobgoblins
  7 quokkas
  6 bats
  A kobold (D:3)
  3 rats (D:1)
53 creatures vanquished.

Notes
Turn   | Place    | Note
-------+----------+-------------------------------------------
     0 | D:1      | Heedrag the Minotaur Fighter began the quest for the Orb.
     0 | D:1      | Reached XP level 1. HP: 19/19 MP: 0/0
   183 | D:1      | Reached XP level 2. HP: 27/27 MP: 1/1
   635 | D:1      | Found a faded altar of an unknown god.
   668 | D:1      | Reached XP level 3. HP: 33/33 MP: 2/2
   841 | D:2      | Reached skill level 1 in Dodging
  1090 | D:2      | Reached XP level 4. HP: 21/40 MP: 3/3
  1369 | D:3      | Noticed Terence
  1373 | D:3      | Noticed Natasha
  1378 | D:3      | Killed Natasha
  1388 | D:3      | Killed Terence
  1389 | D:3      | Reached XP level 5. HP: 39/47 MP: 4/4
  1552 | D:3      | Noticed Natasha
  1561 | D:3      | Killed Natasha
  1698 | D:3      | Noticed Natasha
  1707 | D:3      | Killed Natasha
  1990 | D:3      | Noticed Grinder
  2008 | D:3      | Paralysed by Grinder for 7 turns
  2017 | D:3      | HP: 2/47 [Grinder (8)]
  2017 | D:3      | Slain by Grinder

Illustrated notes

Levels and vault maps discovered:
D:1:      wander_arrival_estate, layout_loops_cross,
          shapermc_ecumenical_altar_pompeii, minmay_crystal_room,
          roderic_roman_lattice, grunt_decor_cap, minmay_pentomino_s2
D:2:      cheibrodos_pilgrimage, layout_rooms
D:3:      layout_loops_cross, trog_book, uniq_natasha, uniq_grinder,
          uniq_terence

Skill      XL: |  1  2  3  4  5 |
---------------+----------------+-----
Axes           | 3 4 |  4.7
Dodging        | 1 2 |  2.1
Fighting       | 4 |  4.5
Armour         | 4 |  4.5
Shields        | 4 |  4.4

Action                   |  1- 3 |  4- 6 || total
-------------------------+-------+-------++-------
Melee: War axe           |    59 |    67 ||   126
       Headbutt          |     8 |     6 ||    14
Throw: Dart              |       |     2 ||     2
Armor: Scale mail        |    46 |    18 ||    64
Dodge: Dodged            |    41 |    30 ||    71
Block: Buckler           |    15 |     9 ||    24

Table legend: (Time is in decaauts)
 A = Elapsed time spent in this place.
 B = Non-inter-level travel time spent in this place.
 C = Inter-level travel time spent in this place.
 D = Time resting spent in this place.
 E = Time spent auto-exploring this place.
 F = Levels seen in this place.
 G = Mean time per level.
                   A        B        C        D        E       F      G
               +--------+--------+--------+--------+--------+-----+--------+
         Total |   2057 |   1999 |     58 |      2 |   1639 |   3 |  685.7 |
       Dungeon |   2057 |   1999 |     58 |      2 |   1639 |   3 |  685.7 |
               +--------+--------+--------+--------+--------+-----+--------+

Top non-repeatable levels by time:
     D:1: 843 daAuts
     D:3: 671 daAuts
     D:2: 542 daAuts
